 Dungeon Crawl Stone Soup version 0.30.0-5-g1a98f26d00 (webtiles) character file.

Game seed: 12851155409466592781

84723 retardedninja the Severer (level 15, -4/130 HPs)
             Began as a Minotaur Fighter on May 9, 2023.
             Was an Elder of Hepliaklqana.
             Succumbed to poison
             ... on level 2 of the Swamp.
             The game lasted 00:46:31 (32486 turns).

retardedninja the Severer (Minotaur Fighter)       Turns: 32486, Time: 00:46:32

Health: -4/130     AC: 27    Str: 28    XL:     15   Next: 36%
Magic:  14/14      EV:  6    Int:  5    God:    Hepliaklqana [****..]
Gold:   653        SH: 14    Dex: 10    Spells: 14/14 levels left

rFire   + . .        f - +4 broad axe (heavy)
rCold   + . .        c - +1 buckler
rNeg    . . .        l - -1 gold dragon scales
rPois   +            (helmet restricted)
rElec   .            d - +0 cloak
rCorr   .            (no gloves)
SInv    .            (no boots)
Will    +....        x - amulet of reflection Stlth
                     w - ring of poison resistance
HPRegen 0.41/turn    E - +4 ring of protection
MPRegen 0.14/turn

%: reflection
@: lethally poisoned (-4 -> -16), about to teleport, overwhelmed with horror,
studying Shields, unable to read, very slow
A: reduced essence, horns 2, inability to read after injury 2, inability to use
devices, cowardly, no hexes magic, no ice magic, no necromancy magic, missing an
eye, retaliatory headbutt, iridescent scales 1, passive freeze
a: Renounce Religion, Recall Ancestor, Ancestor Identity, Transference, Idealise


You were on level 2 of the Swamp.
You worshipped Hepliaklqana.
Hepliaklqana was greatly pleased with you.
You visited 4 branches of the dungeon, and saw 23 of its levels.

You collected 1928 gold pieces.
You spent 1275 gold pieces at shops.

Inventory:

Hand Weapons
 f - a +4 heavy broad axe (weapon)
Missiles
 t - 5 silver javelins
 F - 3 silver boomerangs (quivered)
Armour
 c - a +1 buckler (worn)
 d - a +0 cloak (worn)
 l - -1 gold dragon scales (worn)
Jewellery
 e - a +6 ring of intelligence
 i - the amulet of Esevvyde {Reflect Int+7 Dex+2 Slay-6 SH+5}
   (You found it on level 5 of the Lair of Beasts)

   [amulet of reflection]

   It reflects blocked missile attacks.
   Int:       It affects your intelligence (+7).
   Dex:       It affects your dexterity (+2).
   Slay:      It affects your accuracy & damage with ranged weapons and melee
   (-6).
   SH:        It affects your SH (+5).
 k - a +6 ring of intelligence
 o - a ring of poison resistance
 w - a ring of poison resistance (left hand)
 x - an amulet of reflection (around neck)
 E - a +4 ring of protection (right hand)
Scrolls
 b - 5 scrolls of identify
 g - 2 scrolls of silence
 h - 4 scrolls of teleportation
 j - 4 scrolls of amnesia
 n - a scroll of fog
 q - a scroll of noise
 r - 3 scrolls of fear
 s - a scroll of blinking
 v - 3 scrolls of poison
Potions
 m - 3 potions of magic
 p - 2 potions of brilliance
 z - 2 potions of degeneration
 A - 2 potions of lignification
 B - 2 potions of mutation
 D - 2 potions of attraction


   Skills:
 + Level 16.7 Fighting
 * Level 17.2 Axes
 + Level 16.7 Armour
 + Level 17.1 Shields


You had 14 spell levels left.
You didn't know any spells.
Your spell library contained the following spells:

 Spells                   Type           Power      Damage    Failure   Level
 Apportation              Tloc           0%         N/A       100%        1
 Foxfire                  Conj/Fire      0%         2x1d4     100%        1
 Magic Dart               Conj           0%         1d3       100%        1
 Summon Small Mammal      Summ           0%         N/A       100%        1
 Blink                    Tloc           0%         N/A       100%        2
 Lesser Beckoning         Tloc           0%         N/A       100%        2
 Momentum Strike          Conj/Tloc      0%         3d8       100%        2
 Passwall                 Tmut/Erth      0%         N/A       100%        2
 Scorch                   Fire           0%         2d5       100%        2
 Searing Ray              Conj           0%         2d4       100%        2
 Call Canine Familiar     Summ           0%         N/A       100%        3
 Ignite Poison            Fire/Tmut/Pois 0%         N/A       100%        3
 Swiftness                Air            0%         N/A       100%        3
 Vhi's Electric Charge    Tloc/Air       0%         N/A       100%        3
 Animate Armour           Summ/Erth      0%         N/A       100%        4
 Flame Wave               Conj/Fire      0%         2d4       100%        4
 Passage of Golubria      Tloc           0%         N/A       100%        4
 Alistair's Intoxication  Tmut/Pois      0%         N/A       100%        5
 Arcjolt                  Conj/Air       0%         1d10      100%        5
 Fireball                 Conj/Fire      0%         3d3       100%        5
 Lee's Rapid Deconstruct  Erth           0%         3d4*      100%        5
 Plasma Beam              Fire/Air       0%         2x1d11    100%        6
 Starburst                Conj/Fire      0%         6d3       100%        6
 Statue Form              Tmut/Erth      0%         N/A       100%        6
 Summon Cactus Giant      Summ           0%         N/A       100%        6
 Dragon Form              Tmut           0%         N/A       100%        7
 Monstrous Menagerie      Summ           0%         N/A       100%        7
 Cigotuvi's Dreadful Rot  Necr/Pois/Air  Unusable   N/A       N/A         2
 Ensorcelled Hibernation  Hex/Ice        Unusable   N/A       N/A         2
 Portal Projectile        Hex/Tloc       Unusable   N/A       N/A         3
 Summon Guardian Golem    Hex/Summ       Unusable   N/A       N/A         3
 Tukima's Dance           Hex            Unusable   N/A       N/A         3
 Fulminant Prism          Conj/Hex       Unusable   3d5       N/A         4
 Ice Form                 Ice/Tmut       Unusable   N/A       N/A         4
 Leda's Liquefaction      Hex/Erth       Unusable   N/A       N/A         4
 Freezing Cloud           Conj/Ice/Air   Unusable   6-21      N/A         5
 Yara's Violent Unravell  Hex/Tmut       Unusable   3d3       N/A         5
 Polar Vortex             Ice            Unusable   N/A       N/A         9

Dungeon Overview and Level Annotations

Branches:
Dungeon (15/15)            Temple (1/1) D:4            Lair (5/5) D:8
  Swamp (2/4) Lair:3       Spider (0/4) Lair:2        Slime (0/5) Lair:4
    Orc (0/2) D:12         Vaults (0/5) D:14         Depths (0/4) D:15

Altars:
Ashenzari
Cheibriados
Dithmenos
Elyvilon
Fedhas
Gozag
Hepliaklqana
Kikubaaqudgha
Makhleb
Nemelex Xobeh
Okawaru
Qazlal
Ru
Sif Muna
Trog
Uskayaw
Vehumet
Wu Jian
Xom
Yredelemnul
Zin
The Shining One
Lugonu

Shops:
D:5 !   D:10 *

Portals:
Abyss: Lair:5
Trove: D:11 (give +4 storm dragon scales)

Annotations:
D:4 1 runed translucent door, Crazy Yiuf
Lair:4 exclusion: oklob plant


Innate Abilities, Weirdness & Mutations

Your life essence is reduced to manifest your ancestor. (-10% HP)
You have a pair of horns on your head.
You sometimes lose the ability to read scrolls when taking damage.
You cannot study or use magical devices.
Your cowardice makes you less effective in combat with threatening foes.
You cannot study or cast Hexes magic.
You cannot study or cast Ice magic.
You cannot study or cast Necromancy magic.
You are missing an eye, making it more difficult to aim.
You reflexively headbutt those who attack you in melee.
You are partially covered in iridescent scales. (AC +2)
A frigid envelope surrounds you and freezes all who hurt you.


Message History

You miss the spriggan druid.
The forest calms down.
You block the fenstrider witch's attack.
The fenstrider witch kicks you but does no damage.
The fenstrider witch is very cold.
The fenstrider witch is heavily wounded.
Raquis hits the fenstrider witch with a +0 quarterstaff!!
The spriggan druid casts a spell.
The spriggan druid is healed somewhat.
The spriggan hits raquis with a +0 rapier!
The spriggan rider hits you from afar with a +0 spear.
* * * LOW HITPOINT WARNING * * *
Okay, then.
You completely miss the fenstrider witch.
Your headbutt misses the fenstrider witch.
The fenstrider witch is almost dead.
You miss the spriggan druid.
The fenstrider witch points at you and mumbles some strange words.
The toxic sludge hits you.
You are poisoned.
You partially resist.
* * * LOW HITPOINT WARNING * * *
Splash!
You fall into the toxic bog.
Moving in this stuff is going to be slow.
The spriggan hits raquis with a +0 short sword.
Raquis hits the spriggan with a +0 quarterstaff!
A spriggan druid comes into view. It is wielding a +0 quarterstaff.
The spriggan rider hits you but does no damage.
The spriggan druid closely misses you.
The spriggan closely misses raquis.
Monsters!
Monsters everywhere!
You have to get out of here!
Unknown command.
Okay, then.
Okay, then.
You slash the fenstrider witch!
Your headbutt misses the fenstrider witch.
The fenstrider witch is almost dead.
You closely miss the spriggan druid.
You fester in the toxic bog!
You partially resist.
You are more poisoned.
You die...

.~~~ ~~~
♣ ~~ ♣.♣♣
♣♣>
?..~♣♣♣.♣
♣~...~♣.♣
~..~....♣
~~~~§iRH♣
~...~ii@♣
i.♣~wi♣♣♣
....♣♣
.~.. ~..
.♣


You could see the friendly raquis the battlemage, a fenstrider witch, a tyrant
leech, a spriggan rider, 2 spriggan druids and 2 spriggans.

Vanquished Creatures
  Jorgrun (D:12)
  A thorn hunter (Swamp:1)
  Roxanne (D:15)
  Azrael (D:15)
  8 hydras
  5 centaur warriors
  2 two-headed ogres
  2 dancing weapons (D:14)
  A tengu warrior (D:13)
  10 death yaks
  3 thrashing horrors (Lair:5)
  2 alligators (Swamp:1)
  Urug (Lair:4)
  A skyshark (Lair:2)
  A pharaoh ant (Lair:2)
  2 goliath frogs (Swamp:1)
  A spriggan druid (Swamp:1)
  A glowing orange brain (D:15)
  2 deep elf pyromancers
  7 ugly things
  3 manticores
  4 elephants (Lair:3)
  A torpor snail (Lair:3)
  3 black mambas
  7 cane toads
  Maggie (D:6)
  An unseen horror (D:11)
  3 rime drakes
  A freezing wraith (D:14)
  An efreet (D:13)
  A komodo dragon (shapeshifter) (D:15)
  3 komodo dragons
  3 ancient zymes (Lair:5)
  3 polar bears
  4 trolls
  A meliai (shapeshifter) (D:13)
  A hornet (D:8)
  Prince Ribbit (D:5)
  A tarantella (Lair:2)
  12 blink frogs
  9 slime creatures
  6 dream sheep (Lair:5)
  A jumping spider (Lair:2)
  A shadow (D:12)
  2 ynoxinuls (Lair:5)
  2 spriggans
  7 wyverns
  3 water elementals (D:14)
  4 wraiths
  3 fire elementals (D:15)
  A fire bat (shapeshifter) (D:13)
  51 yaks
  6 basilisks
  5 small abominations (Lair:5)
  2 redbacks (Lair:2)
  2 steam dragons (D:7)
  11 vampire mosquitoes
  A swamp worm (shapeshifter) (Lair:5)
  3 acid dragons
  2 large abominations (Lair:5)
  5 swamp worms
  A hell hound (D:15)
  4 orc warriors
  12 water moccasins
  A sky beast (D:7)
  An ice beast (D:7)
  3 black bears
  A boggart (D:14)
  17 wolves
  15 centaurs
  A phantom (D:5)
  4 kobold brigands
  13 bullfrogs
  3 scorpions
  5 wights (D:7)
  13 killer bees
  2 electric eels
  A hound (shapeshifter) (D:15)
  6 jellies
  3 gnoll boudas
  13 orc priests
  4 hounds
  5 iguanas
  3 sleepcaps
  8 orc wizards
  6 gnolls
  7 adders
  A shadow imp (D:6)
  An ufetubus (D:5)
  3 worms
  A dart slug (D:3)
  37 orcs
  24 endoplasms
  2 giant cockroaches
  13 goblins
  6 hobgoblins
  4 jackals (D:2)
  6 quokkas
  4 ball pythons
  3 bats
  5 frilled lizards
  26 kobolds
  4 rats
  A spectral kobold (D:3)
528 creatures vanquished.

Vanquished Creatures (collateral kills)
  Rupert (D:13)
  Snorg (D:12)
  Josephine (D:15)
  2 hydras
  A centaur warrior (D:15)
  A catoblepas (Lair:5)
  An alligator (Swamp:1)
  A deep elf pyromancer (D:13)
  A wolf spider (D:15)
  An orc knight (D:15)
  A manticore (D:13)
  A moth of wrath (shapeshifter) (D:15)
  An ugly thing (D:15)
  A cyclops (D:13)
  3 smoke demons (Lair:5)
  A torpor snail (Lair:5)
  A cane toad (Lair:4)
  An unseen horror (D:12)
  A tyrant leech (Swamp:1)
  2 blink frogs (Lair:5)
  A hornet (Swamp:1)
  A dream sheep (Lair:5)
  A centaur simulacrum (D:14)
  4 slime creatures
  A shadow (D:13)
  A yak (Lair:4)
  A spriggan (Swamp:2)
  A vampire (D:13)
  A basilisk (Lair:5)
  7 vampire mosquitoes
  A chaos spawn (Lair:5)
  2 water moccasins
  A hell hound (D:15)
  2 swamp drakes (Swamp:1)
  2 boggarts (D:14)
  2 centaurs
  4 small abominations (Lair:5)
  3 electric eels
  5 jellies (Lair:4)
  An orc (D:15)
  3 endoplasms (Lair:4)
  A butterfly (Lair:5)
70 creatures vanquished.

Vanquished Creatures (others)
  A komodo dragon (Lair:1)
  A bloated husk (Swamp:1)
  A blink frog (Lair:2)
  3 yaks
  2 wolves (Lair:1)
  A bullfrog (Lair:3)
  7 battlemagi
  6 ancestors
  A howler monkey (D:6)
23 creatures vanquished.

Grand Total: 621 creatures vanquished

Notes
Turn   | Place    | Note
-------+----------+-------------------------------------------
     0 | D:1      | retardedninja the Minotaur Fighter began the quest for the
                  | Orb.
     0 | D:1      | Reached XP level 1. HP: 19/19 MP: 0/0
    30 | D:1      | You fall into a shaft and drop 1 floor!
   241 | D:2      | Reached XP level 2. HP: 27/27 MP: 1/1
   842 | D:1      | Reached XP level 3. HP: 31/33 MP: 2/2
  1591 | D:3      | Found a faded altar of an unknown god.
  1754 | D:3      | Reached XP level 4. HP: 40/40 MP: 3/3
  2177 | D:4      | Found a staircase to the Ecumenical Temple.
  2206 | Temple   | Entered the Ecumenical Temple
  2254 | Temple   | Became a worshipper of Ru the Awakened
  2367 | D:4      | Found a sparkling altar of Nemelex Xobeh.
  2553 | D:4      | Reached XP level 5. HP: 30/47 MP: 4/4
  2643 | D:4      | Found a runed translucent door.
  2644 | D:4      | Noticed Crazy Yiuf
  3194 | D:5      | Entered Level 5 of the Dungeon
  3365 | D:5      | Noticed a phantom
  3376 | D:5      | Killed a phantom
  3377 | D:5      | Reached skill level 5 in Fighting
  3377 | D:5      | Reached skill level 5 in Armour
  3377 | D:5      | Reached skill level 5 in Shields
  3377 | D:5      | Reached XP level 6. HP: 56/56 MP: 5/5
  3731 | D:5      | Reached skill level 5 in Axes
  3783 | D:5      | Reached XP level 7. HP: 59/61 MP: 6/6
  3791 | D:5      | Gained mutation: You cannot study or cast Ice magic. [Ru
                  | sacrifice]
  3791 | D:5      | Gained mutation: You cannot study or cast Hexes magic. [Ru
                  | sacrifice]
  3791 | D:5      | Gained mutation: You cannot study or cast Necromancy magic.
                  | [Ru sacrifice]
  3791 | D:5      | Reached * piety under Ru
  3805 | D:5      | Noticed an air elemental
  3807 | D:5      | Found a stormy altar of Qazlal.
  3809 | D:5      | Noticed a water elemental
  3809 | D:5      | Noticed a fire elemental
  4021 | D:5      | Found Saennegg's Distillery.
  4312 | D:6      | Noticed Prince Ribbit
  4323 | D:5      | Killed Prince Ribbit
  4398 | D:6      | Noticed Maggie
  4416 | D:6      | HP: 3/63 [Maggie/+2 long sword of flaming (5)]
  4417 | D:6      | Killed Maggie
  4418 | D:6      | Reached XP level 8. HP: 4/71 MP: 7/7
  5171 | D:6      | Found a burning altar of Makhleb.
  5200 | D:6      | Identified the +5 mace "Pyajaerch" {vamp, Int+3}
  5275 | D:6      | Found an ancient bone altar of Kikubaaqudgha.
  5275 | D:6      | Found a shimmering blue altar of Sif Muna.
  5283 | D:6      | Found a shadowy altar of Dithmenos.
  5285 | D:6      | Found an iron altar of Okawaru.
  5288 | D:6      | Found a blossoming altar of Fedhas.
  6483 | D:7      | Found an opulent altar of Gozag.
  7030 | D:7      | Reached XP level 9. HP: 11/81 MP: 8/8
  8388 | D:7      | Found a glowing silver altar of Zin.
  8471 | D:8      | Gained mutation: You cannot study or use magical devices.
                  | [Ru sacrifice]
  8471 | D:8      | Reached ** piety under Ru
  8471 | D:8      | Reached *** piety under Ru
  9031 | D:8      | Reached XP level 10. HP: 56/91 MP: 9/9
 10198 | D:7      | Reached skill level 10 in Shields
 10454 | D:8      | Reached skill level 10 in Fighting
 10454 | D:8      | Reached skill level 10 in Armour
 10952 | D:8      | Found a staircase to the Lair.
 10970 | D:8      | Reached skill level 10 in Axes
 11007 | D:8      | Found a bloodstained altar of Trog.
 11379 | D:8      | Got the Octavo of Smouldering Chilblains
 11923 | D:9      | Found a broken altar of Ashenzari.
 12239 | D:9      | Found a hazy altar of Hepliaklqana.
 12576 | D:10     | Entered Level 10 of the Dungeon
 12752 | D:10     | Reached XP level 11. HP: 96/101 MP: 10/10
 12904 | D:10     | Found Qygosut's Lightly-Used Armoury.
 12917 | D:10     | Gained mutation: You are missing an eye, making it more
                  | difficult to aim. [Ru sacrifice]
 12917 | D:10     | Reached **** piety under Ru
 14038 | D:11     | Noticed a red ugly thing
 14043 | D:11     | Noticed a brown ugly thing
 14050 | D:11     | Killed a red ugly thing
 14062 | D:11     | Killed a red ugly thing
 14070 | D:11     | Found a portal to a secret trove of treasure.
 14820 | D:11     | Identified the +3 leather armour "Xukh" {+Inv rCorr Slay+2}
 14979 | D:12     | Noticed Snorg
 15236 | Lair:1   | Entered Level 1 of the Lair of Beasts
 15532 | Lair:1   | Gained mutation: You occasionally lose the ability to read
                  | scrolls when taking damage. [Ru sacrifice]
 15532 | Lair:1   | Gained mutation: You sometimes lose the ability to read
                  | scrolls when taking damage. [Ru sacrifice]
 15532 | Lair:1   | Reached ***** piety under Ru
 16637 | Lair:2   | Reached XP level 12. HP: 91/112 MP: 11/11
 16701 | Lair:2   | Found a hole to the Spider Nest.
 17098 | Lair:2   | Identified the +4 falchion of Ago Gokh {pain, Will+ rCorr}
 17528 | Lair:2   | Noticed a five-headed hydra
 17535 | Lair:2   | Killed a seven-headed hydra
 18633 | Lair:3   | Found a runed translucent door.
 18991 | Lair:3   | Gained mutation: You are partially covered in iridescent
                  | scales. (AC +2) [potion of mutation]
 18991 | Lair:3   | Gained mutation: A frigid envelope surrounds you and
                  | freezes all who hurt you. [potion of mutation]
 19473 | Lair:3   | Gained mutation: Your cowardice makes you less effective in
                  | combat with threatening foes. [Ru sacrifice]
 19473 | Lair:3   | Reached ****** piety under Ru
 19789 | D:9      | Fell from the grace of Ru
 19790 | D:9      | Became a worshipper of Hepliaklqana the Forgotten
 19923 | Lair:3   | Noticed a death yak
 19938 | Lair:3   | Noticed a death yak
 19938 | Lair:3   | Noticed a death yak
 19946 | Lair:3   | Killed a death yak
 19965 | Lair:3   | Killed a death yak
 19981 | Lair:3   | Killed a death yak
 20762 | Lair:3   | Found a staircase to the Swamp.
 20805 | Lair:3   | Got the Codex of the Six Planets
 20993 | Lair:3   | You fall into a shaft and drop 2 floors!
 20993 | Lair:5   | Entered Level 5 of the Lair of Beasts
 21004 | Lair:5   | Noticed a death yak
 21005 | Lair:5   | Noticed a death yak
 21005 | Lair:5   | Noticed a death yak
 21005 | Lair:5   | Noticed a death yak
 21006 | Lair:5   | Noticed a death yak
 21008 | Lair:5   | Reached * piety under Hepliaklqana
 21016 | Lair:5   | Noticed a death yak
 21031 | Lair:4   | Killed a death yak
 21093 | Lair:4   | Noticed Urug
 21110 | Lair:4   | Killed Urug
 21121 | Lair:4   | Reached XP level 13. HP: 60/110 MP: 12/12
 21393 | Lair:4   | Found a staircase to the Slime Pits.
 22590 | Lair:3   | Got Kuhetrew's Omnibus of Correspondence and Allies
 23522 | Lair:5   | Identified the +9 flail of Dissent {venom, rC- MP+9 Str+3
                  | Int+4}
 23757 | Lair:5   | Reached skill level 15 in Armour
 23789 | Lair:5   | Reached ** piety under Hepliaklqana
 23790 | Lair:5   | Remembered your ancestor raquis as a battlemage
 24119 | Lair:5   | Reached skill level 15 in Shields
 24122 | Lair:5   | Reached skill level 15 in Fighting
 24385 | Lair:5   | Reached XP level 14. HP: 121/121 MP: 13/13
 24499 | Lair:5   | Reached skill level 15 in Axes
 24802 | Lair:5   | Found a corrupted altar of Lugonu.
 24802 | Lair:5   | Found a one-way gate to the infinite horrors of the Abyss.
 24807 | Lair:5   | Identified the amulet of Esevvyde {Reflect Int+7 Dex+2
                  | Slay-6 SH+5}
 24811 | Lair:5   | Identified the +10 sling "Liovidd" {antimagic, rN++ Int+3}
 25273 | D:12     | Noticed Jorgrun
 25282 | D:12     | Killed Jorgrun
 25741 | D:12     | Killed Snorg
 25920 | D:12     | Found a staircase to the Orcish Mines.
 26047 | D:10     | Bought -1 gold dragon scales for 1275 gold pieces
 26466 | D:13     | Noticed Rupert
 26467 | D:13     | Paralysed by Rupert for 5 turns
 26836 | D:13     | Paralysed by Rupert for 5 turns
 26844 | D:13     | Killed Rupert
 27101 | D:13     | Reached *** piety under Hepliaklqana
 27334 | D:13     | Identified the +4 quarterstaff "Adige" {vamp, Will+ rCorr
                  | Dex+3}
 28242 | D:14     | Found a gate to the Vaults.
 28901 | D:14     | Reached **** piety under Hepliaklqana
 28901 | D:14     | Found a burning altar of Makhleb.
 29353 | D:15     | Entered Level 15 of the Dungeon
 29380 | D:15     | Noticed Roxanne
 29395 | D:15     | Noticed Josephine
 29405 | D:15     | Killed Josephine
 29442 | D:15     | Reached XP level 15. HP: 106/129 MP: 14/14
 29507 | D:15     | Identified a scroll of acquirement
 29509 | D:15     | Acquired a manual of Shields
 29582 | D:15     | Noticed Azrael
 29596 | D:15     | Killed Azrael
 30163 | D:15     | Found a staircase to the Depths.
 30872 | D:15     | Killed Roxanne
 31254 | Swamp:1  | Entered Level 1 of the Swamp
 31466 | Swamp:1  | Noticed a thorn hunter
 31866 | Swamp:1  | Killed a thorn hunter
 32476 | Swamp:2  | Noticed a fenstrider witch
 32485 | Swamp:2  | HP: 5/130 [fenstrider witch/toxic sludge (3)]
 32486 | Swamp:2  | Succumbed to poison

Illustrated notes

Levels and vault maps discovered:
D:1:      matt_arrival_refuge, layout_rooms
D:2:      layout_basic
D:3:      layout_loops_ring, dreamdust_ecumenical_altar_drowned_temple,
          kennysheep_pointless_box
D:4:      layout_basic, mainiacjoe_overflow_chevrons,
          minmay_temple_entry_statues_fountains,
          nicolae_concentric_dashed_squares_wild, uniq_crazy_yiuf_cottage
D:5:      layout_loops_ring, nicolae_qazlal_style_of_elements, serial_shops,
          nicolae_lakefront_shop, st_stairs_3
D:6:      layout_basic, chequers_temple_overflow_minitemple,
          mainiacjoe_overflow_alcove_1, uniq_maggie, uniq_prince_ribbit1
D:7:      minmay_bubble_buster, layout_gridville,
          pdpol_temple_overflow_zin_treasury_gozag_greed
D:8:      layout_loops_cross, trog_three_pillars_becter, minmay_lair_entry_grove
D:9:      layout_long_grid, nicolae_hepliaklqana_hazy_memory,
          evilmike_ruin_ashenzari
D:10:     layout_cave_pools, minmay_shop_damaged
D:11:     layout_irregular_city, enter_trove_0, minmay_checkerbox
D:12:     layout_roguey, orc_0_dummy, uniq_jorgrun, uniq_snorg
D:13:     layout_grid_maze, uniq_rupert
D:14:     layout_big_octagon, erik_vaults_1, bloody_makhleb
D:15:     gammafunk_enter_depths_forms, layout_basic, uniq_azrael,
          uniq_josephine, uniq_roxanne
Temple:   nicolae_temple_ecumenical_triangle
Lair:1:   layout_cave_pods, minivault_11, lemuel_fruit_fields
Lair:2:   layout_cave_pods, nicolae_spider_entry_lesser_pyramids,
          serial_bayou_shore_b
Lair:3:   layout_regular_city, minmay_swamp_entry_worms, serial_bayou_pond_c,
          pf_torpor_hydra, grunt_megastairs_2
Lair:4:   lemuel_slime, layout_hall_layers, slime_entry_1, wad_woods_road_05,
          lemuel_fruit_fields, uniq_urug
Lair:5:   hellmonk_lair_end_abyssal_woods, layout_small_grid,
          infiniplex_staircase_pool, serial_bayou_shore_b, lemuel_fruit_fields
Swamp:1:  layout_falls_marsh, evilmike_swamp_ruin_house_2
Swamp:2:  layout_falls_marsh, nicolae_swamp_bean_lake, swamp_pool1, uniq_louise

Skill      XL: |  1  2  3  4  5  6  7  8  9 10 11 12 13 14 15 |
---------------+----------------------------------------------+-----
Fighting       | 4 5 6 7 9 10 12 13 15 16 | 16.7
Shields        | 4 5 6 8 9 10 12 13 15 16 17 | 17.1
Armour         | 4 5 6 7 9 10 12 13 15 16 | 16.7
Axes           | 3 4 5 6 7 9 10 12 13 14 16 17 | 17.2

Action                     |  1- 3 |  4- 6 |  7- 9 | 10-12 | 13-15 || total
---------------------------+-------+-------+-------+-------+-------++-------
  Melee: War axe           |   106 |   125 |   261 |   681 |    12 ||  1185
         Headbutt          |    12 |    12 |    42 |   105 |    55 ||   226
         Broad axe         |       |       |       |       |   418 ||   418
  Throw: Boomerang         |       |       |     4 |       |     1 ||     5
 Invoke: Sacrifice Arcana  |       |       |     1 |       |       ||     1
         Sacrifice Artific |       |       |     1 |       |       ||     1
         Sacrifice Words   |       |       |       |     1 |       ||     1
         Sacrifice an Eye  |       |       |       |     1 |       ||     1
         Apocalypse        |       |       |       |     2 |       ||     2
         Power Leap        |       |       |       |     1 |       ||     1
         Sacrifice Courage |       |       |       |     1 |       ||     1
         Renounce Religion |       |       |       |     1 |       ||     1
         Recall Ancestor   |       |       |       |       |     2 ||     2
         Ancestor Life: Ba |       |       |       |       |     1 ||     1
         Ancestor Identity |       |       |       |       |     1 ||     1
    Use: Potion            |       |     1 |     9 |    15 |     6 ||    31
         Scroll            |       |       |     7 |    23 |    10 ||    40
   Stab: Invisible         |       |       |       |     8 |       ||     8
         Petrified         |       |       |       |     1 |       ||     1
         Paralysed         |       |       |       |     1 |       ||     1
         Distracted        |       |       |       |     4 |    10 ||    14
 Armour: Scale mail        |    37 |    55 |    37 |       |       ||   129
         Chain mail        |       |       |   134 |    96 |       ||   230
         Plate armour      |       |       |       |   412 |   177 ||   589
         Gold dragon scale |       |       |       |       |   140 ||   140
  Dodge: Dodged            |    38 |    61 |   124 |   269 |   127 ||   619
  Block: Buckler           |    24 |    32 |    87 |   392 |   337 ||   872
         Reflection        |       |       |       |     3 |    23 ||    26
